 Dungeon Crawl Stone Soup version 0.26-a0-682-g294304f6e8 (webtiles) character file.

Game seed: 7245065103552522208

132300 robertstho the Thaumaturge (level 17, -6/216 HPs)
             Began as a Gnoll Ice Elementalist on Oct 21, 2020.
             Was a High Priest of Sif Muna.
             Mangled by a slime creature (10 damage)
             ... while paralysed by a hornet
             ... on level 3 of the Swamp.
             The game lasted 01:33:54 (35542 turns).

robertstho the Thaumaturge (GnIE)                  Turns: 35542, Time: 01:33:56

Health: -6/216     AC: 12    Str: 14    XL:     17   Next: 12%
Magic:  15/41      EV:  2    Int: 21    God:    Sif Muna [*****.]
Gold:   2825       SH:  0    Dex: 26    Spells: 4/39 levels left

rFire    . . .     SeeInvis .   d - +2 halberd (elec)
rCold    + + +     Faith    .   (shield currently unavailable)
rNeg     . . .     Spirit   .   K - +0 troll leather armour
rPois    +         Reflect  .   w - +0 hat {Int+3}
rElec    +         Harm     .   B - +0 cloak
rCorr    .         Rampage  .   J - +1 pair of gloves {archery}
MR       ++...                  I - +1 pair of boots of the Moon Troll {rElec rC+ MP+9 Str+4}
Stlth    ..........             q - amulet of Vitality {Regen+ HP+15}
HPRegen  1.26/turn              c - ring of poison resistance
MPRegen  0.27/turn              E - ring "Cesuisar" {*Slow rC+++ MR+ Int-5 Dex+8}

@: paralysed, berserking (expiring), lethally poisoned (-6 -> -7), slowed
A: distributed training, fangs 1, strong nose
a: Channel Magic, Forget Spell, Divine Exegesis, Renounce Religion


You were on level 3 of the Swamp.
You worshipped Sif Muna.
Sif Muna was extremely pleased with you.
You visited 6 branches of the dungeon, and saw 29 of its levels.
You also visited: Bailey.

You collected 3169 gold pieces.
You spent 344 gold pieces at shops.

Inventory:

Hand Weapons
 d - a +2 halberd of electrocution (weapon)
 L - a +4 dire flail of freezing
Missiles
 h - 104 poisoned darts (quivered)
 x - 9 boomerangs of dispersal
 U - 14 curare-tipped darts
Armour
 o - a +2 hat of magic resistance
 w - a +0 hat of intelligence (worn)
 B - a +0 cloak (worn)
 I - the +1 pair of boots of the Moon Troll (worn) {rElec rC+ MP+9 Str+4}
   (You found it on level 1 of the Swamp)

   It affects your strength (+4).
   It protects you from cold.
   It insulates you from electricity.
   It affects your magic capacity (+9).
 J - a +1 pair of gloves of archery (worn)
 K - a +0 troll leather armour (worn)
Jewellery
 a - an uncursed ring of protection from magic
 c - a ring of poison resistance (left hand)
 j - an uncursed ring of resist corrosion
 q - the amulet of Vitality (around neck) {Regen+ HP+15}
   (You found it on level 14 of the Dungeon)

   [amulet of regeneration]

   It affects your health (+15).
   It increases your rate of regeneration.
 u - an uncursed ring of protection from fire
 y - an uncursed ring of positive energy
 z - the ring "Qyhufu" {*Slow rN+ MR++ Dex+2 Slay+3}
   (You took it off a wight on level 6 of the Dungeon)

   [ring of positive energy]

   It affects your dexterity (+2).
   It affects your accuracy and damage with ranged weapons and melee attacks
   (+3).
   It protects you from negative energy.
   It affects your resistance to hostile enchantments.
   It may slow you when you take damage.
 D - an uncursed ring of see invisible
 E - the ring "Cesuisar" (right hand) {*Slow rC+++ MR+ Int-5 Dex+8}
   (You found it on level 8 of the Dungeon)

   [ring of protection from magic]

   It affects your intelligence (-5).
   It affects your dexterity (+8).
   It renders you almost immune to cold.
   It affects your resistance to hostile enchantments.
   It may slow you when you take damage.
 H - a +4 ring of protection
 Q - a +6 ring of intelligence
Wands
 P - a wand of acid (23)
 Y - a wand of disintegration (31)
Scrolls
 b - 2 scrolls of magic mapping
 f - 10 scrolls of remove curse
 g - 7 scrolls of immolation
 k - 8 scrolls of teleportation
 n - a scroll of fog
 p - 5 scrolls of blinking
 r - 2 scrolls of enchant weapon {unknown}
 V - 2 scrolls of fear {unknown}
 W - 5 scrolls of enchant armour
Potions
 e - 3 potions of brilliance
 i - 15 potions of curing
 l - 7 potions of haste
 m - 3 potions of resistance
 s - 2 potions of might
 t - a potion of invisibility
 v - 2 potions of cancellation
 A - 8 potions of magic
 C - 3 potions of berserk rage
 G - 3 potions of mutation
 N - 4 potions of stabbing
 O - 6 potions of heal wounds
 R - 2 potions of flight
 X - 2 potions of ambrosia
Miscellaneous
 F - a phantom mirror
 M - a condenser vane (2/2)
 S - a lightning rod (4/4)


   Skills:
 + Level 10.7 Fighting
 + Level 10.7 Short Blades
 + Level 10.7 Long Blades
 + Level 10.7 Axes
 + Level 10.7 Maces & Flails
 + Level 10.7 Polearms
 + Level 10.7 Staves
 + Level 10.7 Slings
 + Level 10.7 Bows
 + Level 10.7 Crossbows
 + Level 10.7 Throwing
 + Level 10.7 Armour
 + Level 11.6 Dodging
 + Level 11.4 Stealth
 + Level 10.7 Shields
 + Level 10.7 Unarmed Combat
 + Level 11.7 Spellcasting
 + Level 9.1 Conjurations
 + Level 9.1 Hexes
 + Level 9.1 Summonings
 + Level 9.1 Necromancy
 + Level 9.1 Translocations
 + Level 9.1 Transmutations
 + Level 9.1 Fire Magic
 + Level 11.4 Ice Magic
 + Level 9.1 Air Magic
 + Level 9.1 Earth Magic
 + Level 9.1 Poison Magic
 + Level 11.6 Invocations
 + Level 10.7 Evocations


You had 4 spell levels left.
You knew the following spells:

 Your Spells              Type           Power        Failure   Level
a - Freeze                Ice            ####         1%          1
b - Frozen Ramparts       Ice            ######       1%          3
c - Ozocubu's Armour      Ice            ######..     1%          3
d - Hailstorm             Conj/Ice       ######..     1%          4
e - Summon Ice Beast      Ice/Summ       ######..     1%          4
f - Summon Lightning Spi  Summ/Air       ######..     1%          4
g - Fulminant Prism       Conj/Hex       ######....   1%          4
h - Sticky Flame          Conj/Fire      ######..     1%          4
i - Bolt of Magma         Conj/Fire/Erth ######....   4%          5
j - Swiftness             Air            ######..     1%          2
k - Apportation           Tloc           ######       1%          1

Your spell library contained the following spells:

 Spells                   Type           Power        Failure   Level
 Animate Skeleton         Necr           ######       1%          1
 Corona                   Hex            ######.      1%          1
 Magic Dart               Conj           ####         1%          1
 Pain                     Necr           ####         1%          1
 Sandblast                Erth           ######       1%          1
 Shock                    Conj/Air       ####         1%          1
 Sting                    Tmut/Pois      ####         1%          1
 Summon Small Mammal      Summ           ####         1%          1
 Blink                    Tloc           N/A          1%          2
 Call Imp                 Summ           ######..     1%          2
 Corpse Rot               Necr/Air       N/A          1%          2
 Ensorcelled Hibernation  Hex/Ice        ######       1%          2
 Poisonous Vapours        Pois/Air       ######       1%          2
 Slow                     Hex            ######..     1%          2
 Call Canine Familiar     Summ           ######..     1%          3
 Confusing Touch          Hex            ######..     1%          3
 Conjure Flame            Conj/Fire      ######..     1%          3
 Dazzling Flash           Conj/Hex       ######       1%          3
 Gell's Gravitas          Tloc           ######....   1%          3
 Ignite Poison            Fire/Tmut/Pois ######..     1%          3
 Inner Flame              Hex/Fire       ######..     1%          3
 Mephitic Cloud           Conj/Pois/Air  ######..     1%          3
 Portal Projectile        Hex/Tloc       ######       1%          3
 Summon Guardian Golem    Hex/Summ       ######..     1%          3
 Tukima's Dance           Hex            ######..     1%          3
 Animate Dead             Necr           ######....   1%          4
 Cause Fear               Hex            ######....   1%          4
 Dispel Undead            Necr           ######..     1%          4
 Iskenderun's Mystic Bla  Conj/Tloc      ######..     1%          4
 Leda's Liquefaction      Hex/Erth       ######....   1%          4
 Olgreb's Toxic Radiance  Pois           ######..     1%          4
 Petrify                  Tmut/Erth      ######..     1%          4
 Metabolic Englaciation   Hex/Ice        ######....   2%          5
 Borgnjor's Vile Clutch   Necr/Erth      ######....   4%          5
 Excruciating Wounds      Necr           ######....   4%          5
 Iskenderun's Battlesphe  Conj           ######..     4%          5
 Yara's Violent Unravell  Hex/Tmut       ######....   4%          5
 Ozocubu's Refrigeration  Ice            ######....   9%          6
 Simulacrum               Ice/Necr       ######....   14%         6
 Death Channel            Necr           ######....   22%         6
 Eringya's Noxious Bog    Tmut/Pois      ######....   22%         6
 Iron Shot                Conj/Erth      ######....   22%         6
 Statue Form              Tmut/Erth      ######...    22%         6
 Absolute Zero            Ice            ######....   100%        9
 Shatter                  Erth           ######....   100%        9


Dungeon Overview and Level Annotations

Branches:
Dungeon (15/15)            Temple (1/1) D:6            Lair (6/6) D:11
  Swamp (4/4) Lair:2        Snake (0/4) Lair:3        Slime (0/5) Lair:5
    Orc (2/2) D:10            Elf (1/3) Orc:2        Vaults (0/5) D:14
 Depths (0/5) D:15         Bailey (visited)

Altars:
Ashenzari
Cheibriados
Dithmenos
Elyvilon
Kikubaaqudgha
Makhleb
Okawaru
Qazlal
Ru
Sif Muna
Uskayaw
Vehumet
Wu Jian
Xom
Yredelemnul
Zin
The Shining One
Jiyva

Shops:
D:14 (   Orc:2 *[*:

Portals:
Pandemonium: Orc:2

Annotations:
D:7 Joseph
D:10 3 runed translucent doors, exclusion: orange crystal statue
D:14 2 transporters, BruhMomento's ghost, journeyman DsBe
Lair:5 1 runed translucent door


Innate Abilities, Weirdness & Mutations

Your experience applies equally to all skills.
You have very sharp teeth.
Your uncanny sense of smell can sniff out nearby items.


Message History

The komodo dragon closely misses you. The slime creature barely misses you.
The insubstantial wisp barely misses you.
The hornet stings you.
* * * LOW HITPOINT WARNING * * *
You suddenly lose the ability to move!
The insubstantial wisp hits you.
* * * LOW HITPOINT WARNING * * *
Your ice beast barely misses the hornet.
The hornet stings you but does no damage.
The komodo dragon bites you!!
* * * LOW HITPOINT WARNING * * *
The slime creature hits you but does no damage.
The insubstantial wisp hits you but does no damage. x2
Your ice beast barely misses the hornet.
The hornet stings you.
* * * LOW HITPOINT WARNING * * *
You are poisoned.
You feel yourself slow down. The komodo dragon bites you!!
* * * LOW HITPOINT WARNING * * *
The slime creature hits you!
You die...

[≈≈...≈≈J...≈..8..<.≈...≈≈
≈.≈≈≈≈≈≈.J≈.≈≈♣≈≈≈≈≈...≈≈≈
.≈..≈≈...≈..♣♣♣.≈≈≈≈≈≈.≈≈≈
....≈♣♣≈.≈.♣♣ ♣.≈≈≈≈≈≈≈..≈
≈§≈.♣♣♣♣♣≈≈♣♣♣♣.≈≈≈≈.....≈
≈≈≈J♣ ♣♣..≈≈.≈v≈≈≈......
≈≈≈.. ♣§..≈.≈≈v≈≈.####l.
≈≈≈≈§§ ♣≈..≈Jvl.....#..
.≈≈≈ ♣≈≈≈y@v†≈..# ♣§≈≈
♣♣♣♣..≈Y.♣8≈...#
♣≈≈≈...♣♣♣ ≈..## ♣≈§≈..<♣
t.# ♣♣≈≈>♣♣♣ ... ♣§≈.♣ ..
♣≈...≈♣ ≈ ♣≈≈≈≈.. ≈.≈≈≈≈≈≈


You could see an alligator, a slime creature, a komodo dragon, a hornet, 4
insubstantial wisps, a friendly ice beast (summoned) and a friendly lightning
spire (summoned).

Vanquished Creatures
  Louise (Swamp:1)
  Nessos (D:14)
  A mummy priest (D:14)
  A fire dragon (Lair:6)
  Josephine (Lair:4)
  3 hydras
  A boulder beetle (D:11)
  An ogre mage (D:14)
  A shambling mangrove (Swamp:3)
  8 two-headed ogres
  A catoblepas (D:13)
  2 centaur warriors
  4 alligators
  3 death yaks (Lair:4)
  4 orc high priests (Orc:2)
  Sonja (Lair:1)
  3 unseen horrors
  A swamp dragon (Lair:6)
  A deep elf archer (Elf:1)
  A lindwurm (Lair:6)
  3 orc knights (Orc:2)
  2 orc sorcerers (Orc:2)
  8 ugly things
  3 deep elf magi
  4 cyclopes
  11 elephants
  A guardian serpent (shapeshifter) (Elf:1)
  A manticore (D:13)
  3 black mambas
  3 centaur zombies
  4 torpor snails (Lair:6)
  2 gargoyles
  12 cane toads
  8 komodo dragons
  A tengu conjurer (D:15)
  A guardian mummy (D:14)
  A wind drake (shapeshifter) (D:11)
  Grinder (D:6)
  10 trolls
  A jumping spider (shapeshifter) (D:14)
  6 polar bears
  10 hornets
  2 nameless horrors
  2 tyrant leeches
  2 blink frogs (Lair:6)
  A slime creature (Swamp:3)
  4 wraiths (Lair:4)
  3 vampires
  An air elemental (Elf:1)
  A shadow (D:11)
  19 yaks
  2 wyverns
  5 basilisks
  Menkaure (D:14)
  A vampire mosquito (Swamp:1)
  5 nagas (Lair:3)
  A warg (Orc:2)
  2 swamp worms
  An acid dragon (Orc:2)
  12 water moccasins
  A necrophage (D:8)
  17 orc warriors
  3 sky beasts
  3 eyes of draining
  A swamp drake (D:11)
  5 ogres
  2 phantoms
  14 wolves
  A centaur (D:11)
  3 big kobolds
  19 bullfrogs
  5 scorpions
  A killer bee (D:8)
  12 wights
  3 howler monkeys (D:12)
  A quasit (D:10)
  6 jellies
  18 orc priests
  4 hounds
  A centaur skeleton (D:8)
  12 orc wizards
  3 hell rats (Lair:5)
  11 worker ants
  A killer bee zombie (D:8)
  A hound zombie (D:9)
  3 hound skeletons
  2 mummies (D:14)
  A howler monkey zombie (D:5)
  A worker ant zombie (D:11)
  5 adders
  17 gnolls
  2 white imps
  5 ufetubi
  10 oozes
  An adder skeleton (D:4)
  A worm (D:4)
  3 dart slugs
  9 leopard geckos
  58 orcs
  A ball python (D:8)
  3 giant cockroaches
  4 goblins
  18 hobgoblins
  8 iguanas
  31 kobolds
  4 quokkas
  5 bats
  5 frilled lizards
  A jackal skeleton (D:4)
  11 rats
558 creatures vanquished.

Vanquished Creatures (collateral kills)
  A fire giant (D:15)
  2 mummy priests (D:14)
  A fire dragon (Lair:6)
  Fannar (Lair:1)
  A rakshasa (D:13)
  10 hydras
  2 catoblepae
  2 shambling mangroves
  2 two-headed ogres
  2 death yaks (Lair:4)
  5 orc high priests (Orc:2)
  3 alligators
  A tengu warrior (D:15)
  A soul eater (Orc:2)
  A deep elf knight (Elf:1)
  4 skeletal warriors (D:15)
  A torturous demonspawn (Orc:2)
  A gelid demonspawn (Orc:2)
  2 orc knights (Orc:2)
  6 ugly things
  6 deep elf magi
  A lindwurm (Lair:6)
  An orc sorcerer (Orc:2)
  A cyclops (D:12)
  7 elephants
  2 manticores
  A rust devil (Orc:2)
  A torpor snail (Lair:6)
  A smoke demon (Orc:2)
  A gargoyle (D:14)
  A black mamba (Lair:6)
  A cane toad (Lair:6)
  4 rime drakes
  An ice devil (Orc:2)
  A guardian mummy (D:14)
  A red devil (Orc:2)
  A komodo dragon (Lair:6)
  4 trolls
  3 tyrant leeches
  Prince Ribbit (D:6)
  3 slime creatures
  3 bog bodies
  6 hornets
  3 blink frogs (Lair:6)
  A meliai zombie (D:14)
  A shadow (Swamp:2)
  2 wyverns
  19 yaks
  2 wraiths (D:12)
  2 basilisks
  5 vampire mosquitoes
  A chaos spawn (Orc:2)
  6 swamp worms
  3 water moccasins (Lair:6)
  3 acid dragons (Lair:6)
  3 ice beasts
  6 swamp drakes
  16 orc warriors
  A phantom (D:7)
  A necrophage (D:12)
  An eye of draining (D:12)
  4 ogres
  2 wolves (Lair:6)
  4 bullfrogs
  A scorpion (D:13)
  A wyvern skeleton (D:14)
  A water moccasin skeleton (D:4)
  7 wights
  A howler monkey (D:10)
  An electric eel (Lair:2)
  A quasit (D:6)
  2 bullfrog skeletons
  A hound (D:14)
  A gnoll shaman (Orc:1)
  12 orc priests
  2 jellies
  5 iguanas
  A hell rat (Lair:5)
  3 worker ants
  11 orc wizards
  A mummy (D:14)
  5 gnolls
  A howler monkey zombie (D:9)
  A howler monkey skeleton (D:8)
  A white imp (D:8)
  27 orcs
  3 hobgoblins (Bailey)
  2 kobolds (Bailey)
  A quokka (D:8)
  A bush (Lair:6)
281 creatures vanquished.

Vanquished Creatures (others)
  A yak (D:11)
  A swamp drake (Swamp:3)
  An eye of draining (D:11)
  An iguana (Lair:6)
  28 fungi
  56 plants
  9 toadstools (D:2)
97 creatures vanquished.

Grand Total: 936 creatures vanquished

Notes
Turn   | Place    | Note
-------+----------+-------------------------------------------
     0 | D:1      | robertstho the Gnoll Ice Elementalist began the quest for
                  | the Orb.
     0 | D:1      | Reached XP level 1. HP: 13/13 MP: 6/6
   165 | D:1      | Reached XP level 2. HP: 19/19 MP: 5/7
   659 | D:1      | Reached XP level 3. HP: 20/25 MP: 9/9
   797 | D:1      | Reached skill level 5 in Spellcasting
  1266 | D:2      | Found a glowing golden altar of the Shining One.
  1298 | D:2      | Reached skill level 1 in Fighting
  1298 | D:2      | Reached skill level 1 in Short Blades
  1298 | D:2      | Reached skill level 1 in Long Blades
  1298 | D:2      | Reached skill level 1 in Axes
  1298 | D:2      | Reached skill level 1 in Maces & Flails
  1298 | D:2      | Reached skill level 1 in Polearms
  1298 | D:2      | Reached skill level 1 in Staves
  1298 | D:2      | Reached skill level 1 in Slings
  1298 | D:2      | Reached skill level 1 in Bows
  1298 | D:2      | Reached skill level 1 in Crossbows
  1298 | D:2      | Reached skill level 1 in Throwing
  1298 | D:2      | Reached skill level 1 in Armour
  1298 | D:2      | Reached skill level 1 in Shields
  1298 | D:2      | Reached skill level 1 in Unarmed Combat
  1298 | D:2      | Reached skill level 1 in Invocations
  1298 | D:2      | Reached skill level 1 in Evocations
  1298 | D:2      | Reached XP level 4. HP: 12/32 MP: 6/11
  1303 | D:2      | Learned a level 3 spell: Frozen Ramparts
  1307 | D:2      | Learned a level 3 spell: Ozocubu's Armour
  1312 | D:2      | Learned a level 4 spell: Hailstorm
  1544 | D:2      | Reached skill level 1 in Conjurations
  1544 | D:2      | Reached skill level 1 in Hexes
  1544 | D:2      | Reached skill level 1 in Summonings
  1544 | D:2      | Reached skill level 1 in Necromancy
  1544 | D:2      | Reached skill level 1 in Translocations
  1544 | D:2      | Reached skill level 1 in Transmutations
  1544 | D:2      | Reached skill level 1 in Fire Magic
  1544 | D:2      | Reached skill level 1 in Air Magic
  1544 | D:2      | Reached skill level 1 in Earth Magic
  1544 | D:2      | Reached skill level 1 in Poison Magic
  1596 | D:2      | Found a shimmering altar of Xom.
  1825 | D:2      | Reached XP level 5. HP: 36/37 MP: 8/12
  2180 | D:2      | Reached XP level 6. HP: 44/44 MP: 10/13
  2425 | D:2      | Learned a level 4 spell: Summon Ice Beast
  3036 | D:3      | Reached skill level 5 in Dodging
  4410 | D:4      | Got a warped platinum ring
  4411 | D:4      | Identified the ring "Exonos" {rC+ MR+ Stlth+} (You found it
                  | on level 4 of the Dungeon)
  4606 | D:4      | Reached XP level 7. HP: 50/50 MP: 11/15
  5208 | D:5      | Entered Level 5 of the Dungeon
  6057 | D:5      | Reached skill level 5 in Stealth
  6408 | D:6      | Noticed Prince Ribbit
  6416 | D:6      | Killed Prince Ribbit
  6615 | D:6      | Reached XP level 8. HP: 57/57 MP: 1/16
  6723 | D:6      | Noticed Grinder
  6727 | D:6      | Noticed a nameless horror
  6733 | D:6      | Killed a nameless horror
  6746 | D:6      | Killed Grinder
  7100 | D:6      | Found a staircase to the Ecumenical Temple.
  7101 | D:6      | Identified the ring "Qyhufu" {*Slow rN+ MR++ Dex+2 Slay+3}
  7133 | Temple   | Entered the Ecumenical Temple
  7312 | Temple   | Became a worshipper of Sif Muna the Loreminder
  7916 | D:6      | Reached XP level 9. HP: 56/65 MP: 14/18
  8265 | D:7      | Found a basalt altar of Yredelemnul.
  8328 | D:7      | Noticed Joseph
  8417 | D:7      | HP: 3/65 [Joseph/sling bullet (22)]
  8743 | D:7      | HP: 1/65 [Joseph/sling bullet (20)]
  9453 | D:8      | Reached skill level 5 in Invocations
  9564 | D:8      | Got a translucent iron ring
  9566 | D:8      | Identified the ring "Cesuisar" {*Slow rC+++ MR+ Int-5
                  | Dex+8} (You found it on level 8 of the Dungeon)
  9624 | D:8      | Reached * piety under Sif Muna
 10078 | D:8      | Found a broken altar of Ashenzari.
 10078 | D:8      | Found a hide-covered altar of Uskayaw.
 10083 | D:8      | Found a sacrificial altar of Ru.
 10109 | D:8      | Found a glowing silver altar of Zin.
 10111 | D:8      | Found a shadowy altar of Dithmenos.
 10525 | D:9      | Noticed a troll
 10530 | D:9      | Killed a troll
 10530 | D:9      | Reached XP level 10. HP: 72/72 MP: 5/20
 10758 | D:9      | Noticed a two-headed ogre
 10784 | D:9      | Killed a two-headed ogre
 10784 | D:9      | Reached skill level 5 in Fighting
 10784 | D:9      | Reached skill level 5 in Short Blades
 10784 | D:9      | Reached skill level 5 in Long Blades
 10784 | D:9      | Reached skill level 5 in Axes
 10784 | D:9      | Reached skill level 5 in Maces & Flails
 10784 | D:9      | Reached skill level 5 in Polearms
 10784 | D:9      | Reached skill level 5 in Staves
 10784 | D:9      | Reached skill level 5 in Slings
 10784 | D:9      | Reached skill level 5 in Bows
 10784 | D:9      | Reached skill level 5 in Crossbows
 10784 | D:9      | Reached skill level 5 in Throwing
 10784 | D:9      | Reached skill level 5 in Armour
 10784 | D:9      | Reached skill level 5 in Shields
 10784 | D:9      | Reached skill level 5 in Unarmed Combat
 10784 | D:9      | Reached skill level 5 in Evocations
 11722 | D:10     | Entered Level 10 of the Dungeon
 11781 | D:10     | Reached ** piety under Sif Muna
 11935 | D:10     | Noticed a two-headed ogre
 11942 | D:10     | Killed a two-headed ogre
 12009 | D:10     | Found a staircase to the Orcish Mines.
 12106 | D:10     | Found a runed translucent door.
 12116 | D:10     | Found a runed translucent door.
 12175 | D:10     | Found a runed translucent door.
 12185 | D:10     | Found a runed translucent door.
 12280 | D:10     | Reached XP level 11. HP: 69/81 MP: 8/22
 12368 | D:10     | Noticed a two-headed ogre
 12379 | D:10     | Killed a two-headed ogre
 12777 | D:10     | Reached skill level 5 in Conjurations
 12777 | D:10     | Reached skill level 5 in Hexes
 12777 | D:10     | Reached skill level 5 in Summonings
 12777 | D:10     | Reached skill level 5 in Necromancy
 12777 | D:10     | Reached skill level 5 in Translocations
 12777 | D:10     | Reached skill level 5 in Transmutations
 12777 | D:10     | Reached skill level 5 in Fire Magic
 12777 | D:10     | Reached skill level 5 in Air Magic
 12777 | D:10     | Reached skill level 5 in Earth Magic
 12777 | D:10     | Reached skill level 5 in Poison Magic
 13134 | D:10     | Noticed an orange crystal statue
 13374 | D:11     | Noticed a boulder beetle
 13387 | D:11     | Killed a boulder beetle
 13387 | D:11     | Reached *** piety under Sif Muna
 13600 | D:11     | Noticed a two-headed ogre
 13613 | D:11     | Killed a two-headed ogre
 13653 | D:11     | Noticed a purple ugly thing
 13655 | D:11     | Noticed a purple ugly thing
 13673 | D:11     | Killed a purple ugly thing
 13683 | D:11     | Killed a purple ugly thing
 13835 | D:11     | Noticed a two-headed ogre
 13844 | D:11     | Killed a two-headed ogre
 13948 | D:11     | Reached XP level 12. HP: 82/89 MP: 13/24
 14450 | D:11     | Found a staircase to the Lair.
 14990 | Lair:1   | Entered Level 1 of the Lair of Beasts
 15172 | Lair:1   | Noticed Fannar
 15196 | Lair:1   | Killed Fannar
 15347 | Lair:1   | Noticed Sonja
 15359 | Lair:1   | Killed Sonja
 16104 | Lair:2   | Reached **** piety under Sif Muna
 16641 | Lair:2   | Noticed a five-headed hydra
 16649 | Lair:2   | Killed a five-headed hydra
 16947 | Lair:2   | Noticed a five-headed hydra
 16958 | Lair:2   | Killed a five-headed hydra
 17137 | Lair:2   | Found a staircase to the Swamp.
 17419 | Lair:3   | Reached XP level 13. HP: 97/98 MP: 4/26
 18194 | Lair:3   | Found a staircase to the Snake Pit.
 18479 | Lair:4   | Learned a level 4 spell: Summon Lightning Spire
 18611 | Lair:4   | Noticed Josephine
 18674 | Lair:4   | Killed Josephine
 18690 | Lair:4   | Reached skill level 10 in Ice Magic
 20107 | Lair:5   | Reached ***** piety under Sif Muna
 20175 | Lair:5   | Reached skill level 10 in Spellcasting
 20669 | Lair:5   | Found a runed translucent door.
 20718 | Lair:5   | Found a viscous altar of Jiyva.
 20718 | Lair:5   | Noticed an azure jelly
 20719 | Lair:5   | Noticed an azure jelly
 20790 | Lair:5   | Noticed an azure jelly
 20791 | Lair:5   | Found a staircase to the Slime Pits.
 21068 | Lair:6   | Entered Level 6 of the Lair of Beasts
 21100 | Lair:6   | Identified Sif Muna's Disquisition on Flames and Execration
                  | (Sif Muna gifted it to you on level 6 of the Lair of
                  | Beasts)
 21100 | Lair:6   | Received a gift from Sif Muna
 21453 | Lair:6   | Reached XP level 14. HP: 106/106 MP: 6/28
 21463 | Lair:6   | Reached skill level 10 in Dodging
 22556 | Lair:6   | Found a runed translucent door.
 22598 | Lair:6   | Reached skill level 10 in Stealth
 23128 | Lair:6   | Reached skill level 10 in Invocations
 23410 | D:11     | Learned a level 4 spell: Fulminant Prism
 23415 | D:11     | Learned a level 4 spell: Sticky Flame
 23525 | Orc:1    | Entered Level 1 of the Orcish Mines
 23978 | Orc:2    | Entered Level 2 of the Orcish Mines
 24250 | Orc:2    | Found Newis's General Store.
 24252 | Orc:2    | Found Guosebb's General Store.
 24326 | Orc:2    | Received a gift from Sif Muna
 24571 | Orc:2    | Found a staircase to the Elven Halls.
 24711 | Orc:2    | Found an iron altar of Okawaru.
 25177 | Orc:2    | Bought a scroll of vulnerability for 82 gold pieces
 25822 | Orc:2    | Found Eblaykiq's Antique Armour Emporium.
 25822 | Orc:2    | Found Yfayraclu's Book Shoppe.
 25822 | Orc:2    | Found a one-way gate leading to the halls of Pandemonium.
 25998 | Orc:2    | Bought a pair of runed boots for 262 gold pieces
 26217 | Elf:1    | Entered Level 1 of the Elven Halls
 26226 | Elf:1    | Identified Sif Muna's Handbook of Ashen Blows and Bruises
                  | (Sif Muna gifted it to you on level 1 of the Elven Halls)
 26226 | Elf:1    | Received a gift from Sif Muna
 26292 | Elf:1    | Reached XP level 15. HP: 44/115 MP: 2/29
 26418 | Orc:2    | Learned a level 5 spell: Bolt of Magma
 27943 | D:13     | Found a flagged portal.
 27952 | Bailey   | Entered a bailey
 29017 | D:13     | Reached skill level 10 in Fighting
 29017 | D:13     | Reached skill level 10 in Short Blades
 29017 | D:13     | Reached skill level 10 in Long Blades
 29017 | D:13     | Reached skill level 10 in Axes
 29017 | D:13     | Reached skill level 10 in Maces & Flails
 29017 | D:13     | Reached skill level 10 in Polearms
 29017 | D:13     | Reached skill level 10 in Staves
 29017 | D:13     | Reached skill level 10 in Slings
 29017 | D:13     | Reached skill level 10 in Bows
 29017 | D:13     | Reached skill level 10 in Crossbows
 29017 | D:13     | Reached skill level 10 in Throwing
 29017 | D:13     | Reached skill level 10 in Armour
 29017 | D:13     | Reached skill level 10 in Shields
 29017 | D:13     | Reached skill level 10 in Unarmed Combat
 29017 | D:13     | Reached skill level 10 in Evocations
 29441 | D:14     | Found a transporter.
 29444 | D:14     | Found a transporter.
 29686 | D:14     | Received a gift from Sif Muna
 29698 | D:14     | Noticed Nessos
 29708 | D:14     | Killed Nessos
 29877 | D:14     | Found Erchud's Antique Weapon Boutique.
 30197 | D:14     | Found the amulet of Vitality {Regen+ HP+15}
 30199 | D:14     | Noticed Menkaure
 30204 | D:14     | Killed Menkaure
 30800 | D:14     | Noticed BruhMomento's ghost (journeyman DsBe)
 30952 | D:14     | Found a gate to the Vaults.
 31241 | D:15     | Entered Level 15 of the Dungeon
 31565 | D:15     | Found a staircase to the Depths.
 31565 | D:15     | Noticed a fire giant
 31571 | D:15     | Identified the Compendium of Evil and Contamination
 31583 | D:15     | Killed a fire giant
 32772 | Swamp:1  | Entered Level 1 of the Swamp
 32784 | Swamp:1  | Reached XP level 16. HP: 108/123 MP: 19/31
 32820 | Swamp:1  | Got a pair of scorched boots
 32830 | Swamp:1  | Identified the +1 pair of boots of the Moon Troll {rElec
                  | rC+ MP+9 Str+4} (You found it on level 1 of the Swamp)
 33179 | Swamp:1  | Noticed Louise
 33265 | Swamp:1  | Killed Louise
 33782 | Swamp:1  | Reached XP level 17. HP: 129/129 MP: 29/32
 33939 | Swamp:1  | Identified Sif Muna's Papyrus of Icy Flight (Sif Muna
                  | gifted it to you on level 1 of the Swamp)
 33939 | Swamp:1  | Received a gift from Sif Muna
 34147 | Swamp:1  | Learned a level 2 spell: Swiftness
 34149 | Swamp:1  | Learned a level 1 spell: Apportation
 35338 | Swamp:4  | Entered Level 4 of the Swamp
 35540 | Swamp:3  | Paralysed by a hornet for 3 turns
 35542 | Swamp:3  | HP: 4/216 [komodo dragon (20)]
 35542 | Swamp:3  | Mangled by a slime creature

Illustrated notes

Levels and vault maps discovered:
D:1:      kennysheep_arrival_seaside, layout_basic
D:2:      cheibrodos_fertilizer, layout_loops_ring, tso_metal_star,
          dk_xom_monty_hall
D:3:      layout_loops_ring
D:4:      layout_basic
D:5:      layout_basic, minmay_lizard_king
D:6:      layout_basic, minmay_temple_entry_statues_fountains,
          minmay_unpleasant_kobolds, uniq_grinder, uniq_prince_ribbit1
D:7:      layout_basic, basic_altar, uniq_harold, uniq_joseph
D:8:      layout_loops_ring, chequers_temple_overflow_minitemple,
          minmay_pinched_square
D:9:      layout_big_octagon, solitary_fountain
D:10:     layout_cave_pods, erik_orc_4, serial_ice, serial_ice_d, serial_ice_n,
          serial_ice_m, serial_ice_o, hex_tiny, minmay_statue_crystal_thing
D:11:     layout_loops_ring, erik_lair_dragon
D:12:     layout_long_grid, onia_ninara_dug_in_and_dangerous
D:13:     layout_rooms, enter_bailey_2, minivault_25, minivault_20
D:14:     ragdoll_tomb_raider, layout_loops_ring, david_vaults_2,
          gammafunk_ghost_hive, serial_shops, nicolae_shop_statue_plus,
          uniq_nessos
D:15:     grunt_enter_depths_giant_problem, layout_grid_maze,
          minmay_misc_feat_roman
Temple:   regret_index_temple_sphere_string
Lair:1:   layout_long_grid, cheibrodos_lair_lostbears, uniq_fannar, uniq_sonja
Lair:2:   layout_gridlike, palyth_hydra_swamp_entry, serial_rivers,
          chequers_serial_rivers_room_b, chequers_serial_rivers_micro_d,
          chequers_serial_rivers_micro_c, chequers_serial_rivers_small_a,
          chequers_serial_rivers_large_a, cheibrodos_lair_caveside_slide
Lair:3:   layout_regular_city, minmay_snake_entry_guardpost_large,
          grunt_megastairs_5
Lair:4:   layout_cave_pods, uniq_josephine
Lair:5:   layout_cave_pods, slime_altar_2
Lair:6:   wormcave, layout_misc_corridors, guppyfry_lair_end_dragon,
          nicolae_quartered_pool_little
Swamp:1:  layout_basic_swamp, evilmike_swamp_ruin_rubble_2, swamp_pool1,
          uniq_louise
Swamp:2:  layout_basic_swamp, evilmike_swamp_ruin_house_3, swamp_pool1
Swamp:3:  layout_basic_swamp, hangedman_swamp_ruin_wall, uniq_roxanne
Swamp:4:  swamp_old_school, layout_basic_swamp, swamp_pool4
Orc:1:    layout_diamond_mine
Orc:2:    pf_orc_diabolical, layout_diamond_mine, okawaru_metal_pillars_1_2
Elf:1:    elf_arrival_001, layout_loops_cross, hangedman_elf_disciples,
          minivault_16

Skill      XL: |  1  2  3  4  5  6  7  8  9 10 11 12 13 14 15 16 |
---------------+-------------------------------------------------+-----
Spellcasting   | 5 6 7 8 9 10 11 | 11.7
Fighting       | 1 2 3 4 5 6 7 8 9 10 | 10.7
Short Blades   | 1 2 3 4 5 6 7 8 9 10 | 10.7
Long Blades    | 1 2 3 4 5 6 7 8 9 10 | 10.7
Axes           | 1 2 3 4 5 6 7 8 9 10 | 10.7
Maces & Flails | 1 2 3 4 5 6 7 8 9 10 | 10.7
Polearms       | 1 2 3 4 5 6 7 8 9 10 | 10.7
Staves         | 1 2 3 4 5 6 7 8 9 10 | 10.7
Slings         | 1 2 3 4 5 6 7 8 9 10 | 10.7
Bows           | 1 2 3 4 5 6 7 8 9 10 | 10.7
Crossbows      | 1 2 3 4 5 6 7 8 9 10 | 10.7
Throwing       | 1 2 3 4 5 6 7 8 9 10 | 10.7
Armour         | 1 2 3 4 5 6 7 8 9 10 | 10.7
Shields        | 1 2 3 4 5 6 7 8 9 10 | 10.7
Unarmed Combat | 1 2 3 4 5 6 7 8 9 10 | 10.7
Invocations    | 1 2 3 4 5 6 7 8 9 10 11 | 11.6
Evocations     | 1 2 3 4 5 6 7 8 9 10 | 10.7
Conjurations   | 1 2 3 4 5 6 7 8 9 |  9.1
Hexes          | 1 2 3 4 5 6 7 8 9 |  9.1
Summonings     | 1 2 3 4 5 6 7 8 9 |  9.1
Necromancy     | 1 2 3 4 5 6 7 8 9 |  9.1
Translocations | 1 2 3 4 5 6 7 8 9 |  9.1
Transmutations | 1 2 3 4 5 6 7 8 9 |  9.1
Fire Magic     | 1 2 3 4 5 6 7 8 9 |  9.1
Air Magic      | 1 2 3 4 5 6 7 8 9 |  9.1
Earth Magic    | 1 2 3 4 5 6 7 8 9 |  9.1
Poison Magic   | 1 2 3 4 5 6 7 8 9 |  9.1
Dodging        | 5 6 7 8 9 10 11 | 11.6
Stealth        | 5 6 7 8 9 10 11 | 11.4
Ice Magic      | 8 9 10 11 | 11.4

Action                   |  1- 3 |  4- 6 |  7- 9 | 10-12 | 13-15 | 16-18 || total
-------------------------+-------+-------+-------+-------+-------+-------++-------
Melee: Unarmed           |    12 |       |       |       |       |       ||    12
       Bite              |     5 |     5 |    11 |    18 |    39 |    15 ||    93
       Whip              |    45 |    61 |       |       |       |       ||   106
       Flail             |       |       |    45 |       |       |       ||    45
       Battleaxe         |       |       |    79 |    22 |       |       ||   101
       Staff             |       |       |       |    17 |       |       ||    17
       Dire flail        |       |       |       |   122 |   223 |    42 ||   387
       Halberd           |       |       |       |       |   104 |    29 ||   133
 Cast: Freeze            |    15 |     1 |       |       |       |     4 ||    20
       Frozen Ramparts   |       |    32 |    44 |    83 |   168 |     3 ||   330
       Summon Ice Beast  |       |     1 |    33 |    87 |   202 |    84 ||   407
       Hailstorm         |       |       |     1 |     2 |     4 |     2 ||     9
       Summon Lightning  |       |       |       |       |   126 |    39 ||   165
       Swiftness         |       |       |       |       |       |     1 ||     1
Invok: Channel Magic     |       |       |       |     5 |     9 |     3 ||    17
Evoke: Phantom mirror    |       |       |       |     1 |       |       ||     1
       Wand              |       |       |       |       |       |     2 ||     2
  Use: Scroll            |       |     8 |     5 |     4 |    15 |     5 ||    37
       Potion            |       |       |     3 |     1 |     3 |     7 ||    14
 Stab: Sleeping          |     5 |     3 |     1 |     4 |     1 |       ||    14
       Distracted        |       |       |     1 |       |     8 |     5 ||    14
Armor: Robe              |     7 |    14 |     5 |       |       |       ||    26
       Leather armour    |       |       |    32 |     6 |       |       ||    38
       Troll leather arm |       |       |       |    58 |   107 |    33 ||   198
Dodge: Dodged            |    46 |    45 |   147 |   299 |   469 |   162 ||  1168

Table legend: (Time is in decaauts)
 A = Elapsed time spent in this place.
 B = Non-inter-level travel time spent in this place.
 C = Inter-level travel time spent in this place.
 D = Time resting spent in this place.
 E = Time spent auto-exploring this place.
 F = Levels seen in this place.
 G = Mean time per level.
                   A        B        C        D        E       F      G
               +--------+--------+--------+--------+--------+-----+--------+
         Total |  35749 |  34020 |   1729 |   2465 |  24185 |  30 | 1191.6 |
       Dungeon |  20772 |  19692 |   1080 |   1982 |  13700 |  15 | 1384.8 |
        Temple |    204 |    179 |     25 |      0 |    177 |   1 |  204.0 |
          Lair |   8550 |   8166 |    384 |     21 |   6487 |   6 | 1425.0 |
         Swamp |   2840 |   2719 |    121 |     96 |   2023 |   4 |  710.0 |
  Orcish Mines |   2824 |   2707 |    117 |    307 |   1558 |   2 | 1412.0 |
   Elven Halls |     97 |     97 |      0 |      0 |     23 |   1 |   97.0 |
        Bailey |    459 |    459 |      0 |     59 |    216 |   1 |  459.0 |
               +--------+--------+--------+--------+--------+-----+--------+

Top non-repeatable levels by time:
   Orc:2: 2341 daAuts
  Lair:6: 2254 daAuts
    D:11: 1979 daAuts
    D:14: 1827 daAuts
     D:6: 1814 daAuts
     D:8: 1774 daAuts
     D:2: 1707 daAuts
    D:12: 1617 daAuts
  Lair:4: 1542 daAuts
     D:4: 1518 daAuts
    D:10: 1511 daAuts
 Swamp:1: 1434 daAuts
  Lair:2: 1383 daAuts
    D:15: 1323 daAuts
 Swamp:2: 1320 daAuts
